AoeStats
← murazar

Fortress

508777809Analyzed
2v2 RM · 9d ago on Sep 24, 2026· 70m 52s· 4 players
Game mode
Random Map
Map size
Normal (6 player)
Population
200
Speed
Normal
Resources
Standard
Victory
Conquest
Starting age
Dark Age
Ending age
Imperial Age
RankedLock teamsTeams togetherTeam positionsShared explorationLock speedFull tech treeHidden civsTurbo modeCheats
Victory
Defeat
🇺🇸 Varangians · United States
1060
+15
🇺🇸 Hindustanis · United States
1059
+15
🇺🇸 Spanish · United States
1060
-16
🇺🇸 Celts · United States
1004
-14
Khan Noonien Smith
6:13 Loom
7:59 Feudal Age
8:46 Horse Collar
9:26 Town Watch
15:15 Castle Age
13:15 Double-Bit Axe
15:19 Gold Mining
15:58 Pikeman
19:54 Wheelbarrow
21:02 Bow Saw
20:44 Light Cavalry
21:27 Gambesons
21:44 Stone Mining
22:17 Heavy Plow
24:57 Gold Shaft Mining
27:21 Hand Cart
30:47 Imperial Age
31:33 Murder Holes
31:43 Stronghold
32:15 Conscription
31:24 Halberdier
33:29 Scale Mail Armor
33:40 Forging
33:21 Capped Ram
33:44 Onager
34:13 Siege Ram
34:38 Man-at-Arms
35:21 Long Swordsman
35:47 Arson
36:57 Two-Handed Swordsman
38:53 Champion
46:35 Siege Onager
48:32 Fletching
48:57 Chain Mail Armor
49:18 Iron Casting
50:11 Stone Shaft Mining
49:40 Bodkin Arrow
49:09 Elite Woad Raider
50:08 Siege Engineers
50:24 Ballistics
50:15 Masonry
50:16 Fortified Wall
53:15 Cavalier
53:56 Husbandry
55:19 Furor Celtica
55:55 Caravan
60:17 Hussar
60:46 Paladin
61:19 Heavy Scorpion
Butters
9:57 Feudal Age
11:09 Double-Bit Axe
11:21 Horse Collar
13:45 Castle Age
12:27 Gold Mining
14:59 Bow Saw
20:29 Bloodlines
20:19 Husbandry
21:05 Heavy Plow
26:05 Imperial Age
25:11 Wheelbarrow
24:52 Scale Barding Armor
25:58 Chain Barding Armor
27:06 Conscription
26:07 Elite Conquistador
27:53 Plate Barding Armor
28:01 Ballistics
28:47 Chemistry
28:26 Pikeman
28:51 Gambesons
30:16 Halberdier
30:43 Arson
30:58 Squires
32:29 Scale Mail Armor
32:39 Forging
33:01 Hand Cart
32:32 Loom
33:33 Town Watch
35:04 Two-Man Saw
34:58 Town Patrol
34:59 Light Cavalry
36:11 Chain Mail Armor
36:32 Iron Casting
36:43 Murder Holes
36:58 Masonry
38:06 Bombard Tower
40:52 Capped Ram
44:20 Blast Furnace
43:50 Plate Mail Armor
43:07 Siege Ram
44:04 Guilds
44:26 Coinage
44:12 Guilds
47:30 Herbal Medicine
47:29 Fletching
48:17 Caravan
53:30 Stone Mining
61:23 Bodkin Arrow
61:29 Padded Archer Armor
62:01 Architecture
61:41 Fortified Wall
murazar
4:09 Loom
9:09 Feudal Age
14:28 Castle Age
13:52 Forging
14:23 Scale Mail Armor
14:43 Double-Bit Axe
14:53 Horse Collar
17:16 Bow Saw
19:06 Heavy Plow
22:29 Iron Casting
22:10 Chain Mail Armor
23:29 Scale Barding Armor
26:37 Chain Barding Armor
26:20 Husbandry
26:31 Bloodlines
30:58 Gold Mining
30:59 Stone Mining
35:26 Imperial Age
34:44 Stone Shaft Mining
34:44 Gold Shaft Mining
35:07 Wheelbarrow
35:56 Caravan
36:40 Shatagni
39:55 Chemistry
38:49 Heavy Camel Rider
39:50 Padded Archer Armor
Keltscheesegrater
7:18 Feudal Age
8:33 Loom
11:10 Castle Age
9:33 Double-Bit Axe
9:34 Horse Collar
12:03 Scale Barding Armor
12:27 Bow Saw
15:53 Husbandry
18:22 Forging
18:44 Town Watch
20:02 Gold Mining
20:44 Bloodlines
21:16 Ballistics
21:49 Wheelbarrow
21:34 Treadmill Crane
24:50 Chain Barding Armor
26:39 Iron Casting
26:02 Vendel Legacy
27:50 Fervor
28:35 Hand Cart
28:29 Caravan
33:19 Imperial Age
31:27 Town Patrol
33:20 Fletching
33:24 Cavalier
34:43 Plate Barding Armor
34:36 Conscription
36:16 Blast Furnace
36:07 Squires
35:46 Gothikon
36:36 Scale Mail Armor
36:27 Gambesons
37:07 Elite Varangian Guard
39:02 Chain Mail Armor
42:08 Bodkin Arrow
42:47 Plate Mail Armor
50:10 Elite Jarl
50:49 Bodkin Arrow
51:34 Fortified Wall
51:34 Masonry
52:26 Chemistry
51:23 Murder Holes
51:34 Siege Engineers
52:59 Bracer
54:39 Two-Man Saw
57:26 Arson
60:04 Light Cavalry
61:37 Arson
62:57 Coinage
63:33 Hussar
70:21 Capped Ram
Connection lost

Rejoining the realm…

Still unreachable

The connection could not be restored.

Session expired

The server has moved on; the page needs a fresh start.